 Dungeon Crawl Stone Soup version 0.27-a0-1191-g601b473118 (webtiles) character file.

Game seed: 9032486854291420172

105 Wyvernaa the Cudgeller (level 4, 0/37 HPs)
             Began as a Demonspawn Gladiator on May 23, 2021.
             Slain by a gnoll
             ... wielding a +0 flail
              (5 damage)
             ... on level 2 of the Dungeon.
             The game lasted 00:04:32 (3308 turns).

Wyvernaa the Cudgeller (Demonspawn Gladiator)       Turns: 3308, Time: 00:04:32

Health: 0/37       AC:  3    Str: 14    XL:     4   Next: 54%
Magic:  4/4        EV: 12    Int:  9    God:
Gold:   91         SH:  0    Dex: 16    Spells: 3/3 levels left

rFire    . . .     SeeInvis .   a - +0 flail
rCold    . . .     Faith    .   (no shield)
rNeg     . . .     Spirit   .   b - +0 leather armour
rPois    .         Reflect  .   (helmet restricted)
rElec    .         Harm     .   (no cloak)
rCorr    .         Rampage  .   (no gloves)
Will     .....     Rnd*Rage +   (no boots)
Stlth    +.........             (no amulet)
HPRegen  0.12/turn              (no ring)
MPRegen  0.18/turn              (no ring)

@: mighty
A: horns 1, magic regeneration, demonic magic 1, berserk 1, robust 1
a: no special abilities


You were on level 2 of the Dungeon.
You visited 1 branch of the dungeon, and saw 2 of its levels.

You collected 91 gold pieces.

Inventory:

Hand Weapons
 a - a +0 flail (weapon)
Missiles
 d - 3 throwing nets (quivered)
Armour
 b - a +0 leather armour (worn)
 c - a +0 helmet
Jewellery
 e - a ring of fire
 g - a +6 ring of dexterity
Scrolls
 f - 2 scrolls of identify {unknown}
 h - a scroll of vulnerability {unknown}
 j - a scroll of teleportation {unknown}
 k - a scroll of enchant weapon {unknown}
 m - a scroll of fear {unknown}


   Skills:
 + Level 2.5 Fighting
 + Level 3.8 Maces & Flails
 - Level 1.8 Throwing
 + Level 1.3 Armour
 * Level 3.1 Dodging
 * Level 0.4 Spellcasting


You had 3 spell levels left.
You didn't know any spells.
Your spell library was empty.

Dungeon Overview and Level Annotations

Branches:
Dungeon (2/15)

Altars:

Shops:
D:1 !   D:2 =

Annotations:
D:2 shop that needs digging


Innate Abilities, Weirdness & Mutations

You have a pair of small horns on your head.
You regenerate magic rapidly.
Spells you cast may paralyse adjacent enemies.
You tend to lose your temper in combat.
You are robust. (+10% HP)


Message History

The goblin shouts!
A goblin is nearby!
A goblin is nearby!
A goblin is nearby!
The goblin misses you.
You closely miss the goblin. The goblin hits you but does no damage.
You barely miss the goblin. The goblin hits you but does no damage.
You sock the goblin!
You kill the goblin!
No target in view!
Things that are here:
a +0 club; a goblin corpse
There is a stone staircase leading up here.
There is a stone staircase leading down here.
There is a stone staircase leading down here. 3 gnolls come into view.
The gnoll shouts!
Found 18 sling bullets.
There are monsters nearby!
There are monsters nearby!
There are monsters nearby!
The gnoll hits you with a +0 flail!
It was a potion of might.
You feel very mighty all of a sudden. The gnoll misses you.
The gnoll closely misses you.
It was a potion of mutation.
You feel extremely strange.
You feel a little pissed off.
You feel robust. The gnoll barely misses you.
The gnoll hits you with a +0 flail.
You hit the gnoll. You headbutt the gnoll.
You kill the gnoll!
The gnoll hits you from afar with a +0 halberd!
* * * LOW HITPOINT WARNING * * *
The gnoll barely misses you. The gnoll barely misses you.
Things that are here:
a +0 flail; a gnoll corpse You bludgeon the gnoll!!
You kill the gnoll!
The gnoll hits you with a +0 flail.
You die...

#...................#
##########
..################..# #
..# #.. #### #### # ..#
# #..# ..# #..# .##
#######..####### .#
#............... ##
...######.##############
...(..g@..# ###########


You could see a gnoll.

Vanquished Creatures
  2 gnolls (D:2)
  4 adders (D:2)
  A worm (D:2)
  A dart slug (D:2)
  4 bats
  4 endoplasms
  3 giant cockroaches
  9 goblins
  3 hobgoblins (D:1)
  3 jackals (D:2)
  4 kobolds
  3 quokkas
  2 ball pythons
  6 frilled lizards
  5 rats (D:1)
54 creatures vanquished.

Notes
Turn   | Place    | Note
-------+----------+-------------------------------------------
     0 | D:1      | Wyvernaa the Demonspawn Gladiator began the quest for the
                  | Orb.
     0 | D:1      | Reached XP level 1. HP: 16/16 MP: 1/1
   208 | D:1      | Gained mutation: You have a pair of small horns on your
                  | head. [demonic ancestry]
   208 | D:1      | Reached XP level 2. HP: 3/22 MP: 2/2
   686 | D:1      | Found Umaihet's Distillery.
   714 | D:1      | HP: 1/22 [bat (1)]
  1204 | D:1      | Gained mutation: You regenerate magic rapidly. [demonic
                  | ancestry]
  1204 | D:1      | Reached XP level 3. HP: 21/27 MP: 3/3
  1488 | D:1      | Found a faded altar of an unknown god.
  1732 | D:2      | Reached skill level 1 in Armour
  1960 | D:2      | Gained mutation: Spells you cast may paralyse adjacent
                  | enemies. [demonic ancestry]
  1960 | D:2      | Reached XP level 4. HP: 6/34 MP: 4/4
  2629 | D:2      | Found Bunyrag's Jewellery Boutique.
  3305 | D:2      | Gained mutation: You tend to lose your temper in combat.
                  | [potion of mutation]
  3305 | D:2      | Gained mutation: You are robust. (+10% HP) [potion of
                  | mutation]
  3308 | D:2      | Slain by a gnoll

Illustrated notes

Levels and vault maps discovered:
D:1:      dpeg_arrival_refuge, layout_loops_ring, serial_shops, shop_coins,
          hellmonk_ecumenical_altar_zigzags
D:2:      layout_loops_cross, serial_shops, shop_statue,
          serial_co_window_serial, co_window_corner_a,
          co_window_of_opportunity_a, co_window_corner_a, co_window_corner_a,
          co_window_paths_a, co_window_broadway_c, co_window_2corner,
          co_window_of_opportunity_b, co_window_corner_cb, co_window_broadway_a,
          co_window_cross_3, co_window_broadway_a, co_window_paths_d,
          glass_columns_a, glass_columns_a, glass_columns_a, glass_columns_c,
          minmay_tromino_v7

Skill      XL: |  1  2  3 |
---------------+----------+-----
Maces & Flails | 3 |  3.8
Dodging        | 3 |  3.1
Armour         | 1 |  1.3
Fighting       | |  2.5
Throwing       | |  1.8
Spellcasting   | |  0.4

Action                   |  1- 3 |  4- 6 || total
-------------------------+-------+-------++-------
Melee: Flail             |   103 |    40 ||   143
       Headbutt          |    10 |     4 ||    14
  Use: Potion            |       |     2 ||     2
Armor: Leather armour    |    33 |    10 ||    43
Dodge: Dodged            |    73 |    36 ||   109

Table legend: (Time is in decaauts)
 A = Elapsed time spent in this place.
 B = Non-inter-level travel time spent in this place.
 C = Inter-level travel time spent in this place.
 D = Time resting spent in this place.
 E = Time spent auto-exploring this place.
 F = Levels seen in this place.
 G = Mean time per level.
                   A        B        C        D        E       F      G
               +--------+--------+--------+--------+--------+-----+--------+
         Total |   3341 |   3316 |     25 |   1058 |   1790 |   2 | 1670.5 |
       Dungeon |   3341 |   3316 |     25 |   1058 |   1790 |   2 | 1670.5 |
               +--------+--------+--------+--------+--------+-----+--------+

Top non-repeatable levels by time:
     D:2: 1718 daAuts
     D:1: 1622 daAuts
